 Dungeon Crawl Stone Soup version 0.28.0-43-g3370ac3207 (webtiles) character file.

Game seed: 9359080649577180046

4 tizbic2 the Grave Robber (level 1, -1/13 HPs)
             Began as a Demonspawn Necromancer on Mar 13, 2022.
             Slain by a ball python (2 damage)
             ... on level 1 of the Dungeon.
             The game lasted 00:01:17 (152 turns).

tizbic2 the Grave Robber (Demonspawn Necromancer)    Turns: 152, Time: 00:01:17

Health: -1/13      AC:  3    Str:  8    XL:     1   Next: 58%
Magic:  1/3        EV:  8    Int: 16    God:
Gold:   0          SH:  0    Dex: 13    Spells: 3/4 levels left

rFire   . . .      SeeInvis .   a - +0 club
rCold   . . .      Faith    .   (no shield)
rNeg    . . .      Spirit   .   b - +0 leather armour
rPois   .          Reflect  .   (no helmet)
rElec   .          Harm     .   (no cloak)
rCorr   .          Rampage  .   (no gloves)
Will    .....                   (no boots)
Stlth   ++........              (no amulet)
HPRegen 0.04/turn               (no ring)
MPRegen 0.08/turn               (no ring)

@: constricted
A: no striking features
a: no special abilities


You were on level 1 of the Dungeon.
You visited 1 branch of the dungeon, and saw 1 of its levels.

Inventory:

Hand Weapons
 a - a +0 club (weapon)
Armour
 b - a +0 leather armour (worn)
Scrolls
 c - a scroll of identify {unknown}


   Skills:
 + Level 0.2 Fighting
 * Level 0.3 Armour
 - Level 1.7 Dodging
 - Level 1.7 Stealth
 + Level 2.0 Spellcasting
 * Level 4.4 Necromancy


You had 3 spell levels left.
You knew the following spells:

 Your Spells              Type           Power      Damage    Failure   Level
a - Pain                  Necr           64%        1d7       4%          1

Your spell library contained the following spells:

 Spells                   Type           Power      Damage    Failure   Level
 Animate Skeleton         Necr           32%        N/A       4%          1
 Vampiric Draining        Necr           16%        2d7       14%         3
 Animate Dead             Necr           8%         N/A       41%         4
 Agony                    Necr           16%        N/A       77%         5


Dungeon Overview and Level Annotations

Branches:
Dungeon (1/15)

Altars:


Message History

c - a scroll labelled PIVIKHL PAHU The rat closely misses you.
You hit the rat.
You kill the rat!
You see here a rat corpse.
Found 9 gold pieces.
A ball python comes into view.
The ball python hisses angrily.
A ball python comes into view.
The ball python bites you but does no damage.
The ball python barely misses you.
You closely miss the ball python. The ball python barely misses you. x2
The ball python closely misses you. x2
You barely miss the ball python.
The ball python hisses angrily.
The ball python bites you but does no damage.
The ball python grabs you. The ball python constricts you.
You closely miss the ball python. The ball python closely misses you.
The ball python constricts you. The ball python bites you. x2
The ball python constricts you.
You hit the ball python.
You kill the ball python!
The ball python bites you.
* * * LOW HITPOINT WARNING * * *
The ball python closely misses you.
Casting: Pain (safe; 4% risk of failure)
Confirm with . or Enter, or press ? or * to list all spells.
Aiming: Pain (safe; 4% risk of failure)
Press: ? - help, Shift-Dir - straight line, f - ball python
Aim: a ball python (chance to affect: 86%)
The ball python writhes in agony.
The ball python barely misses you. The ball python completely misses you.
The ball python barely misses you. The ball python grabs you.
The ball python constricts you.
Casting: Pain (safe; 4% risk of failure)
Confirm with . or Enter, or press ? or * to list all spells.
Aiming: Pain (safe; 4% risk of failure)
Press: ? - help, Shift-Dir - straight line, f/p - ball python
Aim: a ball python (moderately wounded, constricting you, chance to affect: 86%)
The ball python barely resists.
The ball python bites you.
You die...

....###.## #.#
..#........ #.#
..#...#.#.#######.####
..........#..........#
..........####.#....##
#.......##.....##†#
#............#.##.#
#..............##.#
###.#@#.##........#
#.S.#...........#
..$..##.##.#...##.#
#... #......
#.##.....##.# #...
#.......#.##.#......#
#..
#.....#.#.##.....##.#
#.. #####.
...##.##..##.# #.# #.
#..##.###.##.# #.#
#####.>##.# ####.#


You could see a ball python.

Vanquished Creatures
  A ball python (D:1)
  An endoplasm (D:1)
  A goblin (D:1)
  A rat (D:1)
4 creatures vanquished.

Notes
Turn   | Place    | Note
-------+----------+-------------------------------------------
     0 | D:1      | tizbic2 the Demonspawn Necromancer began the quest for the
                  | Orb.
     0 | D:1      | Reached XP level 1. HP: 13/13 MP: 3/3
   152 | D:1      | Slain by a ball python

Illustrated notes

Levels and vault maps discovered:
D:1:      dpeg_arrival_rooms_a, layout_basic

Action                   || total
-------------------------++-------
Melee: Club              ||     5
 Cast: Pain              ||     5
Armor: Leather armour    ||     2
Dodge: Dodged            ||    11
